 Dungeon Crawl Stone Soup version 0.17-a0-1900-g45e8110 (webtiles) character file.

154 Avack the Conjurer (level 5, -2/31 HPs)
             Began as a High Elf Wizard on Sept 24, 2015.
             Slain by an orc (3 damage)
             ... on level 4 of the Dungeon.
             The game lasted 00:14:18 (3618 turns).

Avack the Conjurer (High Elf Wizard)                Turns: 3618, Time: 00:14:18

Health: -2/31      AC:  4    Str:  6    XL:     5   Next: 13%
Magic:  2/11       EV: 12    Int: 21    God:
Gold:   131        SH:  0    Dex: 15    Spells: 5 memorised, 0 levels left

rFire  . . .     SeeInvis .     l - +0 spear
rCold  + . .     Clarity  .     t - +0 robe
rNeg   . . .     SustAt   .     (no shield)
rPois  .         Gourm    .     u - +0 helmet
rElec  .         Spirit   .     (no cloak)
rCorr  .         Warding  .     f - +0 pair of gloves
rMut   .         Stasis   .     (no boots)
MR     .....                    (no amulet)
Stlth  ++........               (no ring)
                                h - ring of protection from cold

@: very slightly contaminated, not resistant to hostile enchantments, unstealthy
A: no striking features
a: no special abilities


You were on level 4 of the Dungeon.
You were not hungry.

You visited 1 branch of the dungeon, and saw 4 of its levels.

You collected 131 gold pieces.

Inventory:

Hand weapons
 l - a +0 spear (weapon)
Missiles
 i - 69 stones (quivered)
Armour
 b - a +0 hat
 f - a +0 pair of gloves (worn)
 r - a +0 leather armour
 t - a +0 robe (worn)
 u - a +0 helmet (worn)
Jewellery
 h - a ring of protection from cold (left hand)
Magical devices
 s - a wand of lightning (12)
Scrolls
 e - a scroll of enchant armour {unknown}
 g - a scroll of remove curse {unknown}
 m - a scroll of enchant weapon {unknown}
 n - a scroll of amnesia {unknown}
 q - a scroll of immolation {unknown}
 v - a scroll of identify
 w - 2 scrolls of random uselessness
Potions
 k - 4 potions of curing {unknown}
 o - a potion of magic
 x - a potion of lignification {unknown}
Books
 c - a book of Minor Magic

   Spells                             Type                      Level
   a - Magic Dart                     Conjuration                  1
   b - Blink                          Translocation                2
   c - Call Imp                       Summoning                    2
   d - Repel Missiles                 Charms/Air                   2
   e - Slow                           Hexes                        2
   f - Conjure Flame                  Conjuration/Fire             3
   g - Mephitic Cloud                 Conjuration/Poison/Air       3
 p - a book of Unlife

   Spells                             Type                      Level
   a - Recall                         Summoning/Translocation      3
   b - Animate Dead                   Necromancy                   4
   c - Control Undead                 Necromancy                   4
   d - Cigotuvi's Embrace             Necromancy                   5
   e - Death Channel                  Necromancy                   6
   f - Simulacrum                     Ice/Necromancy               6
Comestibles
 d - 4 bread rations
 j - a beef jerky


   Skills:
 - Level 2.1 Dodging
 - Level 2.1 Stealth
 - Level 3.6 Spellcasting
 - Level 4.0 Conjurations
 + Level 2.0 Summonings
 + Level 2.2 Translocations
 - Level 1.0 Air Magic
 - Level 1.0 Poison Magic


You couldn't memorise any spells.
You knew the following spells:

 Your Spells              Type           Power        Failure   Level  Hunger
a - Magic Dart            Conj           ###.         2%          1    None
b - Blink                 Tloc           N/A          10%         2    ##.....
c - Call Imp              Summ           ##......     12%         2    ##.....
d - Mephitic Cloud        Conj/Pois/Air  ##......     21%         3    ###....
e - Conjure Flame         Conj/Fire      ##......     21%         3    ###....


Dungeon Overview and Level Annotations

Branches:
Dungeon (4/15)
 Temple: D:4-7

Altars:
Ashenzari
Okawaru
Yredelemnul


Message History

It was a scroll of random uselessness.
Read which item? (? for menu, Esc to quit)
As you read the scroll labeled QYCEDA SUSHRA, it crumbles to dust.
It is a scroll of identify.
Identify which item? (\ to view known items) (? for menu, Esc to quit)
o - a potion of magic The orc barely misses you.
Read which item? (? for menu, Esc to quit)
As you read the scroll labeled TOYRAU VOTZ, it crumbles to dust.
You feel aware of your surroundings.
You sensed 1 altar.
It was a scroll of magic mapping.
The orc hits you.
Casting: Blink
Confirm with . or Enter, or press ? or * to list all spells.
You don't have enough magic to cast that spell.
The orc priest mumbles some strange prayers to Beogh against you.
Something smites you!
* * * LOW HITPOINT WARNING * * *
The orc hits you but does no damage. The orc priest barely misses you.
The orc hits you.
You die...

####* * **** ##...## **
**,,**##.....##
,****,,,.##.....%.##
,,**,,,,...(.......#
*,**,,,,...........#
,,,,,,,,........@o.#
,,**,,,,...>...ooo.#
*,**,,,...........## ****
*,***,,..##......## **,,* *,*
**,,..$#....## *..,**** *,*
*,**#.###..### *.#,,,,* *
*,** #,###........###*.#*,,.*
*** *,,*
#.#............##.#*,..* *,,
**,*##.#.#####....#....##...*
*,,


You could see 3 orc priests and an orc.

Vanquished Creatures
  An iguana (D:3)
  3 adders
  An ooze (D:1)
  2 worms (D:2)
  An orc (D:3)
  A ball python (D:1)
  12 goblins
  7 hobgoblins
  8 bats
  6 giant newts
  4 kobolds
  6 rats
52 creatures vanquished.

Vanquished Creatures (collateral kills)
  An orc priest (D:3)
  3 adders (D:2)
  2 orcs (D:3)
  A goblin (D:3)
7 creatures vanquished.

Grand Total: 59 creatures vanquished

Notes
Turn   | Place    | Note
--------------------------------------------------------------
     0 | D:1      | Avack the High Elf Wizard began the quest for the Orb.
     0 | D:1      | Reached XP level 1. HP: 11/11 MP: 6/6
   320 | D:1      | Reached XP level 2. HP: 17/17 MP: 4/7
   324 | D:1      | Learned a level 2 spell: Blink
   327 | D:1      | Learned a level 2 spell: Call Imp
   370 | D:1      | Reached skill level 1 in Summonings
  1229 | D:2      | Found an iron altar of Okawaru.
  1261 | D:2      | Reached XP level 3. HP: 21/21 MP: 3/9
  1337 | D:2      | Learned a level 3 spell: Mephitic Cloud
  1638 | D:2      | Reached skill level 1 in Air Magic
  2007 | D:2      | Reached skill level 1 in Poison Magic
  2124 | D:2      | Reached XP level 4. HP: 19/27 MP: 2/10
  2566 | D:3      | Found a basalt altar of Yredelemnul.
  2566 | D:3      | Found a shattered altar of Ashenzari.
  2588 | D:3      | Reached skill level 4 in Conjurations
  3297 | D:3      | Reached XP level 5. HP: 5/31 MP: 1/11
  3302 | D:3      | Learned a level 3 spell: Conjure Flame
  3617 | D:4      | HP: 1/31 [orc priest/divine providence (14)]
  3618 | D:4      | Slain by an orc

Vault maps used:
D:1:      scummos_arrival_forest, minmay_door_square, wad_floor_pattern_2
D:2:      okawaru_ov_weapons_minmay
D:3:      gammafunk_temple_overflow_pools, roderic_hopi_sauvastika
D:4:      kennysheep_mini_moat, minmay_temple_entry_poolview, first_bread,
          uniq_natasha

Action                   |  1- 3 |  4- 6 || total
-------------------------+-------+-------++-------
Melee: Unarmed           |     3 |       ||     3
       Mace              |     9 |       ||     9
       Dagger            |     1 |       ||     1
       Spear             |    14 |    14 ||    28
 Cast: Magic Dart        |    99 |    26 ||   125
       Call Imp          |     5 |     6 ||    11
       Mephitic Cloud    |       |     6 ||     6
  Use: Scroll            |       |     3 ||     3
 Stab: Confused          |       |     1 ||     1
  Eat: Chunk             |     4 |     5 ||     9
